cohdb
Replays
Latest Replays
All Replays
Popular Replays
Top Player Replays
Match Explorer
How It Works
Community
CoH3 Stats
Reddit
Sign in to upload your games and track your stats! →
Sign in with Steam
Match 44602817
Unlisted
Match 44602817
Overview
Messages
Build Orders
End
Panzergrenadier Squad
Panzerpioneer Squad
Kradschützen Motorcycle Team
Selects Battlefield Espionage Battlegroup
Selects Sector Subterfuge Beacon
Construct Light Support Kompanie
Assault Grenadier Squad
Selects 250/3 Funkpanzerwagen
250/3 Funkpanzerwagen
2.5-tonne Medical Truck
Panzerjäger Mechanized Group
Combat Half-tracks
Construct Mechanized Kompanie
Selects Advanced Ambush Training
Selects Transfer Depots
Construct Panzerarmee Kommand
Armored Reserves
Selects Advanced Ambush Training
Panzer IV Assault Group
Veteran Squad Leaders
Rapid Advance
Selects Operation Skorpion
Selects Operation Skorpion
Vehicle Survival Package
Selects Disruption Operation
Tiger Heavy Tank
rpadi
MERKAVA
Arturokq
Valckross
0
0
Comments
sign in to comment!
No comments posted yet!